 Dungeon Crawl Stone Soup version 0.23-a0-303-gfcac5de (webtiles) character file.

928 tsouns the Fighter (level 8, -2/62 HPs)
             Began as an Octopode Wanderer on Oct 8, 2018.
             Was an Initiate of Gozag.
             Slain by a wight
             ... wielding a +4 spear of freezing
              (13 damage)
             ... on level 6 of the Dungeon.
             The game lasted 00:10:15 (5312 turns).

tsouns the Fighter (Octopode Wanderer)              Turns: 5312, Time: 00:10:16

Health: -2/62      AC:  1    Str: 11    XL:     8   Next: 11%
Magic:  8/8        EV: 14    Int: 16    God:    Gozag
Gold:   295        SH:  0    Dex: 12    Spells: 7/7 levels left

rFire    . . .     SeeInvis .   i - +3 trident
rCold    . . .     Gourm    .   (no shield)
rNeg     . . .     Faith    .   (helmet restricted)
rPois    .         Spirit   .   (no amulet)
rElec    .         Reflect  .   (no ring)
rCorr    .         Harm     .   (no ring)
MR       .....                  (no ring)
Stlth    ++........             (no ring)
HPRegen  0.20/turn              (no ring)
MPRegen  0.11/turn              (no ring)
                                (no ring)
                                (no ring)

@: hasted, drained, very quick
A: almost no armour, stealthy swim, amphibious, 8 rings, constrict 8, camouflage
1, gelatinous body 1
a: Potion Petition, Call Merchant, Bribe Branch, Renounce Religion


You were on level 6 of the Dungeon.
You worshipped Gozag.
Gozag was aware of your devotion.
You were not hungry.

You visited 2 branches of the dungeon, and saw 7 of its levels.

You collected 488 gold pieces.
You spent 120 gold pieces at shops.
You paid 73 gold pieces to Gozag.

Inventory:

Hand Weapons
 a - a +2 spear
 g - a +0 fustibalus
 i - a +3 trident (weapon)
Missiles
 e - 175 stones (quivered)
 h - 77 sling bullets
 o - 6 curare-tipped needles
 p - 7 tomahawks
Scrolls
 r - 2 scrolls of remove curse
 s - 5 scrolls of teleportation
Potions
 b - 2 potions of lignification
 c - 2 potions of curing
 f - 2 potions of ambrosia
 j - 2 potions of haste
 k - 3 potions of flight
 l - a potion of agility
 m - a potion of brilliance
 n - a potion of mutation
 q - a potion of might {unknown}
Comestibles
 d - 12 rations


   Skills:
 + Level 8.3(7.3) Fighting
 * Level 6.2(5.3) Polearms
 - Level 2.0(1.1) Throwing
 + Level 4.4(3.5) Dodging


You had 7 spell levels left.
You didn't know any spells.
Your spell library was empty.

Dungeon Overview and Level Annotations

Branches:
Dungeon (6/15)             Temple (1/1) D:4

Altars:
Ashenzari
Cheibriados
Dithmenos
Elyvilon
Fedhas
Gozag
Hepliaklqana
Kikubaaqudgha
Makhleb
Nemelex Xobeh
Okawaru
Qazlal
Ru
Sif Muna
Trog
Vehumet
Wu Jian
Xom
Yredelemnul

Shops:
D:4 !   D:5 }


Innate Abilities, Weirdness & Mutations

You cannot wear most types of armour.
You are very stealthy in the water. (Stealth+)
You are amphibious.
You can wear up to eight rings at the same time.
You can use your tentacles to constrict eight enemies at once.
Your skin changes colour to match your surroundings (Stealth+).
Your rubbery body absorbs attacks. (AC +1, EV +1)


Message History

Attack whom?
Press: ? - help, Dir - move target cursor, f/p - wight
Aim: a wight, wielding a spear of freezing and wearing a robe (lightly damaged)
You reach to attack!
You hit the wight.
The wight is moderately damaged.
Attack whom?
Press: ? - help, Dir - move target cursor, f/p - wight
Aim: a wight, wielding a spear of freezing and wearing a robe (moderately You reach to attack!
You hit the wight.
The wight is moderately damaged.
The wight hits you from afar with a spear of freezing.
* * * LOW HITPOINT WARNING * * *
You feel drained.
* * * LOW HITPOINT WARNING * * *
The wight freezes you.
* * * LOW HITPOINT WARNING * * *
You feel better.
The wight hits you from afar with a spear of freezing!
You die...
Your body crumbles into a pile of gold.

....... .......
....(.! .....z.
.......### .......z. #
......$.#.#.#
#####.....#
#.@$z(..### #.###....#
########........#
####.........##....#
#............##....#
###............##....#
#..............##....#
##.####.......#.#
....# ##...#
###.......##...


You could see a wight.

Vanquished Creatures
  Duvessa (D:5)
  Dowan (D:5)
  4 scorpions
  2 wights (D:6)
  A bullfrog zombie (D:3)
  A crimson imp (D:5)
  2 hounds
  A centaur skeleton (D:6)
  Terence (D:2)
  2 iguanas
  Natasha (twice) (D:3)
  2 worker ants
  8 adders
  An ooze (D:2)
  A worm (D:2)
  5 leopard geckos
  2 orcs (D:6)
  6 bats
  10 giant cockroaches
  8 goblins
  6 hobgoblins
  13 jackals
  4 quokkas
  2 ball pythons (D:4)
  5 frilled lizards
  7 kobolds
  5 rats
103 creatures vanquished.

Notes
Turn   | Place    | Note
-------+----------+-------------------------------------------
     0 | D:1      | tsouns the Octopode Wanderer began the quest for the Orb.
     0 | D:1      | tsouns set off with: a +2 spear, a potion of lignification,
                  | a potion of curing, a ration
     0 | D:1      | Reached XP level 1. HP: 21/21 MP: 1/1
    91 | D:1      | Reached skill level 1 in Polearms
    91 | D:1      | Reached XP level 2. HP: 25/27 MP: 2/2
   435 | D:1      | Reached XP level 3. HP: 29/32 MP: 3/3
  1126 | D:2      | Reached XP level 4. HP: 34/38 MP: 4/4
  1262 | D:2      | Noticed Terence
  1272 | D:2      | Killed Terence
  1403 | D:2      | Found a deep blue altar of Sif Muna.
  1403 | D:2      | Found a bloodstained altar of Trog.
  1726 | D:3      | Reached XP level 5. HP: 42/43 MP: 5/5
  1777 | D:3      | Noticed Natasha
  1783 | D:3      | Killed Natasha
  2093 | D:3      | Noticed Natasha
  2241 | D:3      | Killed Natasha
  2444 | D:4      | Found a blossoming altar of Fedhas.
  2453 | D:4      | Reached XP level 6. HP: 31/49 MP: 6/6
  2489 | D:4      | Found a staircase to the Ecumenical Temple.
  2503 | Temple   | Entered the Ecumenical Temple
  2710 | Temple   | Became a worshipper of Gozag Ym Sagoz the Greedy
  3016 | D:4      | Found Tezxiss's Distillery.
  3019 | D:4      | Bought a potion of berserk rage for 50 gold pieces
  3019 | D:4      | Bought a potion of curing for 30 gold pieces
  3019 | D:4      | Bought a potion of curing for 30 gold pieces
  3019 | D:4      | Bought a potion of degeneration for 10 gold pieces
  3398 | D:5      | Entered Level 5 of the Dungeon
  3807 | D:5      | Found Codder Too's Gadget Boutique.
  3887 | D:5      | Noticed Duvessa
  3905 | D:5      | Killed Duvessa
  3905 | D:5      | Reached XP level 7. HP: 18/54 MP: 7/7
  3991 | D:5      | Reached skill level 5 in Polearms
  4566 | D:5      | Noticed Dowan
  4572 | D:5      | Killed Dowan
  4572 | D:5      | Reached skill level 8 in Fighting
  5093 | D:6      | Found a shimmering altar of Xom.
  5094 | D:6      | Found a shimmering altar of Xom.
  5094 | D:6      | Found a shimmering altar of Xom.
  5099 | D:6      | Found a shimmering altar of Xom.
  5287 | D:6      | Reached XP level 8. HP: 26/61 MP: 8/8
  5312 | D:6      | Slain by a wight

Vault maps used:
D:1:      mrwooster_arrival_statue_2
D:2:      gammafunk_temple_overflow_wave, first_ration, uniq_terence
D:3:      uniq_natasha
D:4:      fedhas_altar_1, temple_fountains, serial_shops,
          nicolae_shop_window_shopping
D:5:      serial_shops, shop, uniq_duvessa
D:6:      xom_redecorated, tso_altar
Temple:   regret_index_temple_generic_petals

Skill      XL: |  1  2  3  4  5  6  7 |
---------------+----------------------+-----
Polearms       | 1 2 3 4 6 |  6.2
Dodging        | 2 3 4 |  4.4
Fighting       | 8 |  8.3
Throwing       | |  2.0

Action                   |  1- 3 |  4- 6 |  7- 9 || total
-------------------------+-------+-------+-------++-------
Melee: Spear             |   106 |   120 |    79 ||   305
       Constrict         |    24 |    21 |    14 ||    59
       Tentacles         |    13 |    23 |    19 ||    55
       Trident           |       |       |    15 ||    15
Throw: Stone             |       |     5 |     3 ||     8
  Use: Scroll            |       |    10 |     1 ||    11
       Potion            |       |       |     5 ||     5
 Stab: Sleeping          |     5 |     8 |     3 ||    16
  Eat: Chunk             |     1 |     4 |       ||     5
       Ration            |       |     1 |     2 ||     3
Armor: Skin              |     7 |       |       ||     7
Dodge: Dodged            |    62 |    52 |    30 ||   144

Table legend:
 A = Non-vault XP
 B = Vault XP
 C = Vault XP percentage of total XP
 D = Non-vault monster count
 E = Vault monster count
 F = Vault count percentage of total count
                 A         B        C        D         E       F
            +---------+---------+-------+---------+---------+-------
      Total |    1036 |     291 |  21.9 |      99 |       4 |   3.9
            +---------+---------+-------+---------+---------+-------
        D:1 |      60 |       0 |   0.0 |      33 |       0 |   0.0
        D:2 |      59 |      38 |  39.2 |      24 |       1 |   4.0
        D:3 |      89 |      35 |  28.2 |       7 |       1 |  12.5
        D:4 |     145 |       0 |   0.0 |      11 |       0 |   0.0
        D:5 |     228 |     218 |  48.9 |      10 |       2 |  16.7
        D:6 |     455 |       0 |   0.0 |      14 |       0 |   0.0
            +---------+---------+-------+---------+---------+-------
